AoeStats
← Wildanlor

Arabia

510238972Analyzed
1v1 RM · 1d ago on Sep 30, 2026· 29m 43s· 2 players
Game mode
Random Map
Map size
Tiny (2 player)
Population
200
Speed
Normal
Resources
Standard
Victory
Conquest
Starting age
Dark Age
Ending age
Imperial Age
RankedLock teamsTeams togetherTeam positionsShared explorationLock speedFull tech treeHidden civsTurbo modeCheats
Victory
Defeat
🇺🇸 Hindustanis · United States
708
+14
🇺🇸 Britons · United States
675
-14
MythicWizard478
9:17 Loom
11:55 Feudal Age
16:21 Double-Bit Axe
16:20 Horse Collar
16:33 Fletching
16:43 Padded Archer Armor
22:37 Padded Archer Armor
27:16 Castle Age
26:41 Forging
26:32 Scale Mail Armor
27:57 Elite Skirmisher
28:00 Crossbowman
28:09 Pikeman
28:49 Squires
Wildanlor
10:33 Feudal Age
9:41 Loom
11:23 Man-at-Arms
12:33 Arson
14:21 Scale Mail Armor
15:19 Forging
19:18 Stone Mining
19:22 Gold Mining
19:20 Double-Bit Axe
19:38 Gold Mining
21:55 Castle Age
21:09 Fletching
22:37 Double-Bit Axe
23:07 Bodkin Arrow
22:37 Elite Skirmisher
26:40 Squires
Connection lost

Rejoining the realm…

Still unreachable

The connection could not be restored.

Session expired

The server has moved on; the page needs a fresh start.